 Dungeon Crawl Stone Soup version 0.25-a0-310-g60f0ac2d9a (webtiles) character file.

Game seed: 6479271925159975674, levelgen mode: deterministic

224 Morrissey the Stinger (level 6, -1/41 HPs)
             Began as a Merfolk Venom Mage on Dec 23, 2019.
             Slain by a sky beast (3 damage)
             ... on level 4 of the Dungeon.
             The game lasted 00:08:40 (3525 turns).

Morrissey the Stinger (Merfolk Venom Mage)          Turns: 3525, Time: 00:08:40

Health: -1/41      AC:  3    Str:  9    XL:     6   Next: 0%
Magic:  2/12       EV: 13    Int: 14    God:
Gold:   173        SH:  0    Dex: 16    Spells: 3/13 levels left

rFire    . . .     SeeInvis .   b - +0 spear
rCold    . . .     Gourm    .   (no shield)
rNeg     . . .     Faith    .   e - +0 robe
rPois    .         Spirit   .   l - +0 helmet
rElec    .         Reflect  .   (no cloak)
rCorr    .         Harm     .   (no gloves)
MR       .....                  (no boots)
Stlth    ++........             (no amulet)
HPRegen  0.13/turn              (no ring)
MPRegen  0.13/turn              (no ring)

@: very slightly contaminated
A: change form in water, swift swim, stealthy swim
a: no special abilities


You were on level 4 of the Dungeon.
You were not hungry.

You visited 1 branch of the dungeon, and saw 4 of its levels.

You collected 173 gold pieces.

Inventory:

Hand Weapons
 a - a +3 short sword
 b - a +0 spear (weapon)
 m - a +0 glaive
Armour
 e - a +0 robe (worn)
 l - a +0 helmet (worn)
Scrolls
 f - 2 scrolls of identify {unknown}
 g - a scroll of enchant armour {unknown}
 j - a scroll of noise {unknown}
Potions
 d - a potion of curing
 h - 2 potions of haste {unknown}
 k - a potion of flight {unknown}
Comestibles
 c - 6 rations


   Skills:
 - Level 2.6 Dodging
 - Level 2.1 Stealth
 * Level 4.1 Spellcasting
 + Level 3.8 Transmutations
 + Level 4.5 Poison Magic


You had 3 spell levels left.
You knew the following spells:

 Your Spells              Type           Power        Failure   Level  Hunger
a - Sting                 Tmut/Pois      ##..         3%          1    None
b - Poisonous Vapours     Pois/Air       #.....       12%         2    ##.....
c - Ignite Poison         Fire/Tmut/Pois ##......     19%         3    ###....
d - Olgreb's Toxic Radia  Pois           ###.....     30%         4    ####...

Your spell library contained the following spells:

 Spells                   Type           Power        Failure   Level  Hunger
 Mephitic Cloud           Conj/Pois/Air  #.......     30%         3    ###....


Dungeon Overview and Level Annotations

Branches:
Dungeon (4/15)
 Temple: D:4-7

Altars:
Qazlal

Annotations:
D:4 Pikel


Message History

Press: ? - help, Shift-Dir - straight line The sting hits the giant cockroach.
The giant cockroach is poisoned.
You kill the giant cockroach!
* * * LOW MAGIC WARNING * * *
Something hits you but does no damage.
You hit something but do no damage. Something hits you.
* * * LOW HITPOINT WARNING * * *
Something shocks you.
* * * LOW HITPOINT WARNING * * *
You can't go up here!
Something hits you.
* * * LOW HITPOINT WARNING * * *
Something shocks you.
* * * LOW HITPOINT WARNING * * *
You climb downwards.
Level annotation: Pikel Reactivating autopickup.
There is a stone staircase leading up here.
Something hits you.
You die...

..............## #.##.#
...............# #..##.#
...............# ##.# ...
...............##...# ...
..................###....
................#.......
..............).........
................<.......
#......#..@..#.###
##.###......### #
............#
......#..##.#
......#.###.#.. .
#.<......#
............###
...#......<.... #
####.....###


There were no monsters in sight!

Vanquished Creatures
  2 slaves
  A crimson imp (D:2)
  An orc priest (D:3)
  10 adders
  An ooze (D:1)
  An adder zombie (D:4)
  2 dart slugs (D:1)
  3 leopard geckos
  8 orcs
  3 bats
  5 giant cockroaches
  3 goblins
  6 hobgoblins
  A quokka (D:2)
  3 frilled lizards
  4 kobolds
  3 rats (D:1)
57 creatures vanquished.

Notes
Turn   | Place    | Note
-------+----------+-------------------------------------------
     0 | D:1      | Morrissey the Merfolk Venom Mage began the quest for the
                  | Orb.
     0 | D:1      | Reached XP level 1. HP: 13/13 MP: 3/3
    99 | D:1      | Reached XP level 2. HP: 16/19 MP: 0/5
   230 | D:1      | Learned a level 2 spell: Poisonous Vapours
   934 | D:1      | Reached XP level 3. HP: 24/24 MP: 4/7
  1307 | D:2      | Learned a level 3 spell: Ignite Poison
  1342 | D:2      | Reached XP level 4. HP: 30/30 MP: 4/8
  2384 | D:2      | Reached XP level 5. HP: 32/35 MP: 1/10
  2463 | D:2      | Learned a level 4 spell: Olgreb's Toxic Radiance
  2467 | D:3      | Found a stormy altar of Qazlal.
  3156 | D:4      | Noticed a slave
  3156 | D:4      | Noticed a slave
  3156 | D:4      | Noticed a slave
  3156 | D:4      | Noticed a slave
  3157 | D:4      | Noticed Pikel
  3159 | D:4      | Killed a slave
  3208 | D:3      | Killed a slave
  3492 | D:3      | Noticed a sky beast
  3493 | D:3      | Reached XP level 6. HP: 41/41 MP: 10/12
  3523 | D:3      | HP: 1/41 [something (6)]
  3525 | D:4      | Slain by a sky beast

Levels and vault maps discovered:
D:1:      dpeg_arrival_refuge, layout_loops_ring
D:2:      layout_basic, first_ration, minivault_5, minivault_14, minivault_14
D:3:      layout_basic, chequers_ecumenical_altar_grove, grunt_qazlal_clouds
D:4:      layout_rooms, nicolae_overflow_hidden_temple, hex_intersection,
          grunt_decor_cap, uniq_ijyb, uniq_pikel, uniq_menkaure

Skill      XL: |  1  2  3  4  5 |
---------------+----------------+-----
Transmutations | 2 3 |  3.8
Spellcasting   | 3 4 |  4.1
Poison Magic   | 4 |  4.5
Dodging        | |  2.6
Stealth        | |  2.1

Action                   |  1- 3 |  4- 6 || total
-------------------------+-------+-------++-------
Melee: Unarmed           |     5 |       ||     5
       Short sword       |    12 |    10 ||    22
       Spear             |       |    63 ||    63
 Cast: Sting             |    45 |    44 ||    89
       Poisonous Vapours |       |    14 ||    14
       Olgreb's Toxic Ra |       |     1 ||     1
       Ignite Poison     |       |     1 ||     1
  Use: Potion            |       |     2 ||     2
  Eat: Chunk             |     2 |     8 ||    10
Armor: Robe              |     6 |    12 ||    18
Dodge: Dodged            |    20 |    72 ||    92

Table legend:
 A = Non-vault XP
 B = Vault XP
 C = Vault XP percentage of total XP
 D = Non-vault monster count
 E = Vault monster count
 F = Vault count percentage of total count
                 A         B        C        D         E       F
            +---------+---------+-------+---------+---------+-------
      Total |     321 |       0 |   0.0 |      55 |       0 |   0.0
            +---------+---------+-------+---------+---------+-------
        D:1 |      34 |       0 |   0.0 |      16 |       0 |   0.0
        D:2 |     130 |       0 |   0.0 |      15 |       0 |   0.0
        D:3 |     133 |       0 |   0.0 |      17 |       0 |   0.0
        D:4 |      24 |       0 |   0.0 |       7 |       0 |   0.0
            +---------+---------+-------+---------+---------+-------
